BLB
NEW ORLEANS VOODOO @ INDIANAPOLIS CLOWNS
09/02/2063
 
TOP OF THE 1ST
New Orleans Voodoo batting - Pitching for Indianapolis Clowns : RHP Billy Zook
Pitching: RHP Billy Zook
Batting: RHB Dez Swanson 0-0: Called Strike
0-1: Ball
1-1: Called Strike
1-2: Ball
2-2: Ball
3-2: Foul Ball, location: 2F
3-2: Foul Ball, location: 2F
3-2: Strikes out looking
Batting: RHB Nathan Stiso 0-0: Swinging Strike
0-1: Called Strike
0-2: Ball
1-2: Strikes out looking
Batting: RHB Andy Bernard 0-0: SOLO HOME RUN (Flyball, 78XD, EV 113.1 MPH), Distance : 447 ft
Batting: LHB Kai Hayes 0-0: Ball
1-0: Foul Ball, location: 2F
1-1: Foul Ball, location: 2F
1-2: Strikes out swinging
Top of the 1st over - 1 run, 1 hit, 0 errors, 0 left on base; New Orleans 1 - Indianapolis 0
BOTTOM OF THE 1ST
Indianapolis Clowns batting - Pitching for New Orleans Voodoo : RHP Marco Nzibo
Pitching: RHP Marco Nzibo
Batting: LHB Roosevelt Barrera 0-0: Foul Ball, location: 2F
0-1: Bunt missed!
0-2: Ground out U3 (Groundball, 34, EV 79.4 MPH)
Batting: RHB Nick Edwards 0-0: Ball
1-0: Fly out, F8 (Flyball, 8RM, EV 85.6 MPH)
Batting: LHB Sean Hayward 0-0: Foul Ball, location: 2F
0-1: Ball
1-1: Called Strike
1-2: Ball
2-2: Strikes out swinging
Bottom of the 1st over - 0 runs, 0 hits, 0 errors, 0 left on base; New Orleans 1 - Indianapolis 0
TOP OF THE 2ND
New Orleans Voodoo batting - Pitching for Indianapolis Clowns : RHP Billy Zook
Batting: RHB Dawson Overton 0-0: DOUBLE (Line Drive, 9LS, EV 95.0 MPH)
Batting: SHB Darren Lane 0-0: Called Strike
0-1: Ball
1-1: Ball
2-1: SINGLE (Groundball, 34D, EV 106.2 MPH)
Dawson Overton to third
Runner from 3rd tries for Home, SAFE, throw by RF to home
Darren Lane to second
Batting: RHB Mike Walton 0-0: Swinging Strike
0-1: Ball
1-1: Swinging Strike
1-2: Ball
2-2: Ball
3-2: 2-RUN HOME RUN (Flyball, 8RXD, EV 115.6 MPH), Distance : 452 ft
Batting: LHB Johnathan Weeks 0-0: Swinging Strike
0-1: Called Strike
0-2: Strikes out swinging
Batting: RHB Jeremie Holzschuh 0-0: Called Strike
0-1: Foul Ball, location: 2F
0-2: Ball
1-2: Ball
2-2: Fly out, F8 (Flyball, 8LD, EV 78.1 MPH)
Batting: RHB Dez Swanson 0-0: Swinging Strike
0-1: Swinging Strike
0-2: Ball
1-2: Strikes out looking
Top of the 2nd over - 3 runs, 3 hits, 0 errors, 0 left on base; New Orleans 4 - Indianapolis 0
BOTTOM OF THE 2ND
Indianapolis Clowns batting - Pitching for New Orleans Voodoo : RHP Marco Nzibo
Batting: RHB Jarrett Evans 0-0: Ground out 6-3 (Groundball, 6M, EV 102.5 MPH)
Batting: LHB Casey Courtney 0-0: Ball
1-0: Foul Ball, location: 2F
1-1: Foul Ball, location: 2F
1-2: Foul Ball, location: 2F
1-2: Ball
2-2: Ball
3-2: Strikes out looking
Batting: RHB Joey Wilburn 0-0: Fly out, F8 (Flyball, 89D, EV 98.1 MPH)
Bottom of the 2nd over - 0 runs, 0 hits, 0 errors, 0 left on base; New Orleans 4 - Indianapolis 0
TOP OF THE 3RD
New Orleans Voodoo batting - Pitching for Indianapolis Clowns : RHP Billy Zook
Batting: RHB Nathan Stiso 0-0: Called Strike
0-1: Called Strike
0-2: Strikes out swinging
Batting: RHB Andy Bernard 0-0: Called Strike
0-1: Ball
1-1: Ball
2-1: Foul Ball, location: 2F
2-2: Ball
3-2: DOUBLE (Groundball, 5L, EV 101.9 MPH)
Batting: LHB Kai Hayes 0-0: Called Strike
0-1: Called Strike
0-2: SINGLE (Line Drive, 8LS, EV 108.8 MPH)
Andy Bernard to third
Runner from 3rd tries for Home, throw by CF and OUT! 8-2
Batting: RHB Dawson Overton 0-0: Ball
Kai Hayes is caught stealing 2nd base 2-4
Top of the 3rd over - 0 runs, 2 hits, 0 errors, 0 left on base; New Orleans 4 - Indianapolis 0
BOTTOM OF THE 3RD
Indianapolis Clowns batting - Pitching for New Orleans Voodoo : RHP Marco Nzibo
Batting: RHB Tom Holderness 0-0: Called Strike
0-1: DOUBLE (Line Drive, 8RXD, EV 105.0 MPH)
Batting: RHB Wyatt Tait 0-0: Ball
1-0: Called Strike
1-1: Ball
2-1: SINGLE (Flyball, 56D, EV 86.2 MPH)
Tom Holderness to third
Batting: RHB Ashby Ellis 0-0: Ball
1-0: Swinging Strike
1-1: Foul Ball, location: 2F
1-2: Foul Ball, location: 2F
1-2: Ground out 4-3 (Groundball, 34D, EV 100.6 MPH)
Tom Holderness scores
Wyatt Tait to second
Batting: LHB Roosevelt Barrera 0-0: Ball
1-0: Ball
2-0: Ball
3-0: Base on Balls
Batting: RHB Nick Edwards 0-0: Ball
1-0: SINGLE (Line Drive, 78S, EV 90.0 MPH)
Wyatt Tait to third
Roosevelt Barrera to second
Batting: LHB Sean Hayward 0-0: Ball
1-0: Fly out, F7 (Flyball, 7LD, EV 108.8 MPH)
Runner from 3rd tags up, SCORES, no throw by LF
Roosevelt Barrera to third
Batting: RHB Jarrett Evans 0-0: Fielders Choice at 2nd, 5-4 (Groundball, 56, EV 94.4 MPH)
Bottom of the 3rd over - 2 runs, 3 hits, 0 errors, 2 left on base; New Orleans 4 - Indianapolis 2
TOP OF THE 4TH
New Orleans Voodoo batting - Pitching for Indianapolis Clowns : RHP Billy Zook
Batting: RHB Dawson Overton 0-0: Foul Ball, location: 2F
0-1: Ball
1-1: Foul Ball, location: 2F
1-2: Strikes out looking
Batting: SHB Darren Lane 0-0: Ball
1-0: Ball
2-0: Foul Ball, location: 2F
2-1: Swinging Strike
2-2: Ball
3-2: Base on Balls
Batting: RHB Mike Walton 0-0: Ball
1-0: Swinging Strike
1-1: Foul Ball, location: 2F
1-2: Ball
2-2: Strikes out swinging
Batting: LHB Johnathan Weeks 0-0: Ball
1-0: Foul Ball, location: 2F
1-1: Foul Ball, location: 2F
1-2: Strikes out swinging
Top of the 4th over - 0 runs, 0 hits, 0 errors, 1 left on base; New Orleans 4 - Indianapolis 2
BOTTOM OF THE 4TH
Indianapolis Clowns batting - Pitching for New Orleans Voodoo : RHP Marco Nzibo
Batting: LHB Casey Courtney 0-0: Ball
1-0: Called Strike
1-1: SINGLE (Groundball, 4MS, EV 91.9 MPH) (infield hit)
Batting: RHB Joey Wilburn 0-0: Ball
1-0: SINGLE (Groundball, 56D, EV 102.5 MPH)
Casey Courtney to second
Batting: RHB Tom Holderness 0-0: Ball
1-0: SINGLE (Groundball, 56D, EV 103.8 MPH)
Casey Courtney to third
Joey Wilburn to second
Runner from 3rd tries for Home, throw by LF and OUT! 7-2
Batting: RHB Wyatt Tait 0-0: Ball
1-0: Called Strike
1-1: Swinging Strike
1-2: Strikes out looking
Batting: RHB Ashby Ellis 0-0: Ball
1-0: Swinging Strike
1-1: Reached on error, E3 (Groundball, 34, EV 85.6 MPH)
Joey Wilburn to third
Tom Holderness to second
Batting: LHB Roosevelt Barrera 0-0: Ball
1-0: Foul Ball, location: 2F
1-1: Called Strike
1-2: Ground out 2-3 (Groundball, 15S, EV 72.5 MPH)
Bottom of the 4th over - 0 runs, 3 hits, 1 error, 3 left on base; New Orleans 4 - Indianapolis 2
TOP OF THE 5TH
New Orleans Voodoo batting - Pitching for Indianapolis Clowns : RHP Billy Zook
Batting: RHB Jeremie Holzschuh 0-0: Swinging Strike
0-1: Ball
1-1: Foul Ball, location: 2F
1-2: Ball
2-2: Strikes out looking
Batting: RHB Dez Swanson 0-0: Ball
1-0: Swinging Strike
1-1: Ball
2-1: Ground out 5-3 (Groundball, 5, EV 105.6 MPH)
Batting: RHB Nathan Stiso 0-0: Ball
1-0: Called Strike
1-1: Ground out 6-3 (Groundball, P, EV 84.4 MPH)
Top of the 5th over - 0 runs, 0 hits, 0 errors, 0 left on base; New Orleans 4 - Indianapolis 2
BOTTOM OF THE 5TH
Indianapolis Clowns batting - Pitching for New Orleans Voodoo : RHP Marco Nzibo
Batting: RHB Nick Edwards 0-0: Ball
1-0: Called Strike
1-1: Called Strike
1-2: Fly out, F7 (Flyball, 7LM, EV 88.8 MPH)
Batting: LHB Sean Hayward 0-0: SINGLE (Flyball, 56D, EV 91.2 MPH)
Batting: RHB Jarrett Evans 0-0: Fly out, F7 (Flyball, 7D, EV 100.0 MPH)
Batting: LHB Casey Courtney 0-0: Ball
1-0: Foul Ball, location: 2F
1-1: Ball
2-1: Called Strike
2-2: Ground out U3 (Groundball, 3S, EV 86.9 MPH)
Bottom of the 5th over - 0 runs, 1 hit, 0 errors, 1 left on base; New Orleans 4 - Indianapolis 2
TOP OF THE 6TH
New Orleans Voodoo batting - Pitching for Indianapolis Clowns : RHP Billy Zook
Batting: RHB Andy Bernard 0-0: Called Strike
0-1: Foul Ball, location: 2F
0-2: Strikes out looking
Batting: LHB Kai Hayes 0-0: Ball
1-0: Ball
2-0: Ground out 1-3 (Groundball, P, EV 65.6 MPH)
Batting: RHB Dawson Overton 0-0: Called Strike
0-1: Ground out 6-3 (Groundball, 56, EV 91.2 MPH)
Top of the 6th over - 0 runs, 0 hits, 0 errors, 0 left on base; New Orleans 4 - Indianapolis 2
BOTTOM OF THE 6TH
Indianapolis Clowns batting - Pitching for New Orleans Voodoo : RHP Marco Nzibo
Batting: RHB Joey Wilburn 0-0: Ball
1-0: Ball
2-0: Foul Ball, location: 2F
2-1: Ground out 6-3 (Groundball, 6, EV 106.2 MPH)
Batting: RHB Tom Holderness 0-0: Ball
1-0: SINGLE (Groundball, 23, EV 68.1 MPH) (infield hit)
Batting: RHB Wyatt Tait 0-0: Ball
1-0: Ball
2-0: Ball
3-0: Called Strike
3-1: Called Strike
3-2: Ground out 6-3 (Groundball, 6D, EV 105.6 MPH)
Tom Holderness to second
Batting: RHB Ashby Ellis 0-0: Called Strike
0-1: Called Strike
0-2: SINGLE (Groundball, 6D, EV 106.2 MPH)
Tom Holderness to third
Runner from 3rd tries for Home, SAFE, throw by CF to home
Batting: LHB Roosevelt Barrera 0-0: Ball
1-0: Called Strike
1-1: Ball
2-1: Called Strike
2-2: Fly out, F8 (Flyball, 78D, EV 88.1 MPH)
Bottom of the 6th over - 1 run, 2 hits, 0 errors, 1 left on base; New Orleans 4 - Indianapolis 3
TOP OF THE 7TH
New Orleans Voodoo batting - Pitching for Indianapolis Clowns : RHP Billy Zook
Batting: SHB Darren Lane 0-0: Called Strike
0-1: Ground out U3 (Groundball, 3, EV 85.0 MPH)
Batting: RHB Mike Walton 0-0: Ball
1-0: Foul Ball, location: 2F
1-1: Called Strike
1-2: Foul Ball, location: 2F
1-2: Ball
2-2: TRIPLE (Line Drive, 9LD, EV 105.0 MPH)
Pitching: RHP Donovan Hicks
Batting: LHB Johnathan Weeks 0-0: Ball
1-0: Foul Ball, location: 2F
1-1: Swinging Strike
1-2: Foul Ball, location: 2F
1-2: TRIPLE (Flyball, 89XD, EV 96.2 MPH)
Mike Walton scores
Batting: RHB Jeremie Holzschuh 0-0: Ball
1-0: DOUBLE (Line Drive, 7LM, EV 105.0 MPH)
Johnathan Weeks scores
Batting: RHB Dez Swanson 0-0: Ball
1-0: Ground out 6-3 (Groundball, 6, EV 86.2 MPH)
Batting: RHB Nathan Stiso 0-0: Ball
1-0: Ball
2-0: SINGLE (Groundball, 56S, EV 63.1 MPH) (infield hit)
Jeremie Holzschuh to third
Batting: RHB Andy Bernard 0-0: Fielders Choice at 2nd, 6-4 (Groundball, 6, EV 80.6 MPH)
Top of the 7th over - 2 runs, 4 hits, 0 errors, 2 left on base; New Orleans 6 - Indianapolis 3
BOTTOM OF THE 7TH
Indianapolis Clowns batting - Pitching for New Orleans Voodoo : RHP Marco Nzibo
Batting: RHB Nick Edwards 0-0: SINGLE (Groundball, 6M, EV 110.6 MPH) (infield hit)
Batting: LHB Sean Hayward 0-0: Ball
1-0: Ball
2-0: Called Strike
2-1: Swinging Strike
2-2: SINGLE (Groundball, 4MD, EV 96.9 MPH)
Nick Edwards to second
Runner from 2nd tries for 3rd, SAFE, no throw by CF
Pitching: LHP Dave Childers
Batting: RHB Jarrett Evans 0-0: Called Strike
0-1: Swinging Strike
0-2: Foul Ball, location: 2F
0-2: Strikes out swinging
Pinch Hitting: RHB Kristian LeDoux 0-0: Grounds into double play, 6-4-3 (Groundball, 6, EV 98.1 MPH)
Bottom of the 7th over - 0 runs, 2 hits, 0 errors, 1 left on base; New Orleans 6 - Indianapolis 3
TOP OF THE 8TH
New Orleans Voodoo batting - Pitching for Indianapolis Clowns : RHP Donovan Hicks
Now at 2B: Eli Fowler
Batting: LHB Kai Hayes 0-0: Ball
1-0: Ball
2-0: Called Strike
2-1: SINGLE (Line Drive, 34, EV 106.2 MPH)
Batting: RHB Dawson Overton 0-0: Called Strike
Kai Hayes steals 2nd base
0-1: Ball
1-1: Swinging Strike
1-2: Foul Ball, location: 2F
1-2: 2-RUN HOME RUN (Flyball, 78XD, EV 106.9 MPH), Distance : 424 ft
Batting: SHB Darren Lane 0-0: Ball
1-0: Ball
2-0: Called Strike
2-1: Ground out 6-3 (Groundball, 56, EV 85.0 MPH)
Batting: RHB Mike Walton 0-0: Foul Ball, location: 2F
0-1: Swinging Strike
0-2: Strikes out swinging
Batting: LHB Johnathan Weeks 0-0: Called Strike
0-1: Ball
1-1: Ball
2-1: Foul Ball, location: 2F
2-2: Foul Ball, location: 2F
2-2: Foul Ball, location: 2F
2-2: Foul Ball, location: 2F
2-2: Ball
3-2: Strikes out looking
Top of the 8th over - 2 runs, 2 hits, 0 errors, 0 left on base; New Orleans 8 - Indianapolis 3
BOTTOM OF THE 8TH
Indianapolis Clowns batting - Pitching for New Orleans Voodoo : LHP Dave Childers
Batting: RHB Joey Wilburn 0-0: Called Strike
0-1: Swinging Strike
0-2: Ball
1-2: Ball
2-2: SINGLE (Line Drive, 78M, EV 93.1 MPH)
Batting: RHB Tom Holderness 0-0: Fly out, F7 (Flyball, 7, EV 98.1 MPH)
Batting: RHB Wyatt Tait 0-0: Swinging Strike
0-1: Swinging Strike
0-2: Ball
1-2: Foul Ball, location: 2F
1-2: Foul Ball, location: 2F
1-2: Ball
2-2: Fly out, F7 (Line Drive, 7, EV 106.2 MPH)
Batting: RHB Ashby Ellis 0-0: Ball
1-0: Ball
2-0: Ground out U3 (Groundball, 3, EV 100.0 MPH)
Bottom of the 8th over - 0 runs, 1 hit, 0 errors, 1 left on base; New Orleans 8 - Indianapolis 3
TOP OF THE 9TH
New Orleans Voodoo batting - Pitching for Indianapolis Clowns : RHP Donovan Hicks
Batting: RHB Jeremie Holzschuh 0-0: Ball
1-0: Ball
2-0: Foul Ball, location: 2F
2-1: Called Strike
2-2: Ball
3-2: Base on Balls
Pitching: RHP Kelvin Scruggs
Batting: RHB Dez Swanson 0-0: Fly out, F3 (Popup, 3, EV 75.0 MPH)
Batting: RHB Nathan Stiso 0-0: Swinging Strike
0-1: Ball
1-1: Called Strike
1-2: Ball
2-2: Foul Ball, location: 2F
2-2: Strikes out swinging
Batting: RHB Andy Bernard 0-0: Ball
1-0: Swinging Strike
1-1: Ball
2-1: Ball
3-1: Ground out 4-3 (Groundball, 4, EV 88.8 MPH)
Top of the 9th over - 0 runs, 0 hits, 0 errors, 1 left on base; New Orleans 8 - Indianapolis 3
BOTTOM OF THE 9TH
Indianapolis Clowns batting - Pitching for New Orleans Voodoo : LHP Dave Childers
Batting: LHB Roosevelt Barrera 0-0: Ball
1-0: Fly out, F5 (Popup, 56S, EV 85.0 MPH)
Batting: RHB Nick Edwards 0-0: Called Strike
0-1: Swinging Strike
0-2: Ball
1-2: Strikes out swinging
Batting: LHB Sean Hayward 0-0: SINGLE (Groundball, 6MD, EV 103.1 MPH)
Batting: RHB Jarrett Evans 0-0: Swinging Strike
0-1: Called Strike
0-2: Ball
1-2: Foul Ball, location: 2F
1-2: Ball
2-2: Foul Ball, location: 2F
2-2: Ball
3-2: Strikes out looking
Bottom of the 9th over - 0 runs, 1 hit, 0 errors, 1 left on base; New Orleans 8 - Indianapolis 3
Saturday, December 7th , 2024 - OOTP Baseball 23.10 Build 110